[Event "CZE-ch Youth B14 2022"]
[Site "Luhacovice"]
[Date "2022.03.14"]
[Round "3.2"]
[White "Fizer, Marek"]
[Black "Brozka, Karel"]
[Result "0-1"]
[ECO "A45"]
[WhiteElo "1876"]
[BlackElo "2125"]
[Annotator "ChessBase"]
[PlyCount "90"]
[EventDate "2022.03.12"]
[EventType "swiss"]
[EventCountry "CZE"]
[SourceTitle "playchess.com"]
[Source "ChessBase"]
[SourceQuality "1"]
[TimeControl "40/5400+30:1800+30"]

1. d4 Nf6 2. Nc3 d5 3. Bf4 c6 4. e3 Bf5 5. Bd3 Bxd3 6. cxd3 e6 7. h3 Bd6 8. Bxd6 Qxd6 9. Nf3 Nbd7 10. e4 Qb4 11. Qd2 Nb6 12. e5 Nfd7 13. O-O O-O 14. Nd1 Qxd2 15. Nxd2 c5 16. f4 Rac8 17. dxc5 Nxc5 18. Rf3 Nca4 19. b3 Rc2 20. Nf1 Nc5 21. Rf2 Rxf2 22. Nxf2 Rc8 23. Rc1 Na6 24. Rxc8+ Nxc8 25. Ne3 Nb4 26. a3 Nc6 27. Nc2 N8e7 28. Kf1 Nf5 29. b4 Ncd4 30. Nxd4 Nxd4 31. a4 Nc2 32. b5 Ne3+ 33. Kg1 Kf8 34. Ng4 Nd1 35. a5 Nc3 36. b6 axb6 37. axb6 Ne2+ 38. Kf2 Nxf4 39. d4 Ke7 40. h4 h5 41. Ne3 Nd3+ 42. Ke2 Nb2 43. Kd2 Na4 44. Kc2 Nxb6 45. Kb3 Nc4 0-1

[Event "CZE-ch Youth B14 2022"]
[Site "Luhacovice"]
[Date "2022.03.14"]
[Round "3.3"]
[White "Buchta, Bartolomej"]
[Black "Jasso, Matej"]
[Result "1-0"]
[ECO "B90"]
[WhiteElo "1901"]
[BlackElo "1726"]
[Annotator "ChessBase"]
[PlyCount "69"]
[EventDate "2022.03.12"]
[EventType "swiss"]
[EventCountry "CZE"]
[SourceTitle "playchess.com"]
[Source "ChessBase"]
[SourceQuality "1"]
[TimeControl "40/5400+30:1800+30"]

1. e4 c5 2. Nf3 d6 3. d4 cxd4 4. Nxd4 Nf6 5. Nc3 a6 6. h3 e6 7. g4 Nc6 8. Bg2 d5 9. exd5 Nxd5 10. Nxd5 exd5 11. O-O Be7 12. Be3 O-O 13. c3 Bf6 14. Qd2 Bxd4 15. Bxd4 Qd6 16. Rad1 Be6 17. Bxg7 Kxg7 18. Qg5+ Kh8 19. Qf6+ Kg8 20. Rxd5 Qxd5 21. Bxd5 Bxd5 22. Qg5+ Kh8 23. Qxd5 Rad8 24. Qf5 f6 25. Re1 Ne5 26. Kg2 Kg7 27. h4 Ng6 28. Kf1 Rfe8 29. Rxe8 Rxe8 30. h5 Ne5 31. f4 Nc6 32. h6+ Kg8 33. Qxf6 Re7 34. g5 Rf7 35. Qe6 1-0

[Event "CZE-ch Youth B14 2022"]
[Site "Luhacovice"]
[Date "2022.03.14"]
[Round "3.4"]
[White "Babula, Matej"]
[Black "Setina, Vaclav"]
[Result "1-0"]
[ECO "B89"]
[WhiteElo "1753"]
[BlackElo "1881"]
[Annotator "NA"]
[PlyCount "91"]
[EventDate "2022.03.12"]
[EventType "swiss"]
[EventCountry "CZE"]
[SourceTitle "playchess.com"]
[Source "ChessBase"]
[SourceQuality "1"]
[TimeControl "40/5400+30:1800+30"]

1. e4 c5 2. Nf3 d6 3. d4 cxd4 4. Nxd4 Nf6 5. Nc3 Nc6 6. Be3 e6 7. Bc4 (7. Qd2 $14 {is superior.}) 7... Be7 {[%emt 0:00:33] 7...a6 gains popularity.} 8. Bb3 a6 9. g4 (9. f4 {feels stronger.}) 9... Nxd4 10. Qxd4 e5 {[%emt 0:00:21] [#]} 11. Qd2 $146 ({Predecessor:} 11. Qd3 Bxg4 12. Rg1 O-O 13. Bg5 Bh5 14. Qh3 Bg6 15. Bxf6 Bxf6 16. O-O-O Rc8 17. Qf3 {0-1 (58) Velimirovic,D (2515)-Popovic,P (2545) Bar 1997}) 11... Nxg4 12. Nd5 Nxe3 13. Nxe3 Be6 14. O-O-O Bxb3 15. axb3 Bg5 16. Rhg1 O-O 17. Kb1 Qf6 $2 {[%emt 0:08:41] [#]} (17... Bf4 $15) 18. Nd5 $1 Bxd2 19. Nxf6+ Kh8 20. Nd7 Bb4 21. Nxf8 Rxf8 22. Rgf1 Bc5 23. b4 Bxb4 24. c3 Ba5 25. Rxd6 Bd8 26. Rd7 b6 27. Rfd1 Bh4 28. R1d6 Bxf2 29. Rxf7 Kg8 30. Rxf8+ Kxf8 31. Re6 a5 32. Rxe5 Bg1 33. h3 Kf7 34. Kc2 h6 35. Kd3 g5 $18 36. Ke2 a4 37. Rd5 Kf6 38. Rd8 h5 39. Kf3 Bh2 40. Ra8 Bd6 41. Rxa4 g4+ 42. hxg4 h4 43. Kg2 Kg5 44. Kh3 Bg3 45. Rb4 Bf2 46. e5 1-0

[Event "CZE-ch Youth B14 2022"]
[Site "Luhacovice"]
[Date "2022.03.14"]
[Round "3.5"]
[White "Zelba, Lukas"]
[Black "Kubin, Tomas Daniel"]
[Result "1-0"]
[ECO "A05"]
[WhiteElo "1945"]
[BlackElo "1666"]
[Annotator "NA"]
[PlyCount "87"]
[EventDate "2022.03.12"]
[EventType "swiss"]
[EventCountry "CZE"]
[SourceTitle "playchess.com"]
[Source "ChessBase"]
[SourceQuality "1"]
[TimeControl "40/5400+30:1800+30"]

1. Nf3 Nf6 2. c4 g6 3. g3 Bg7 4. Bg2 O-O 5. O-O c5 6. d3 Nc6 7. Bd2 d6 8. Bc3 e6 9. Nbd2 (9. a3 $11 {feels stronger.}) 9... Bd7 10. Rc1 a5 11. a3 a4 12. Ne4 Nxe4 13. dxe4 Qc7 14. Bxg7 Kxg7 15. Rc3 Rfd8 16. Nd2 Ne7 17. Nb1 Ra6 18. Rd3 b5 19. e5 Nc8 20. cxb5 Bxb5 21. Rc3 (21. exd6 $11 Nxd6 22. Rd2) 21... d5 22. Qc1 Bxe2 23. Rxc5 Qb8 24. Re1 Bc4 $11 25. Bf1 Nb6 26. Nd2 Bxf1 27. Kxf1 Nd7 28. Nf3 Nxc5 29. Qxc5 Qxb2 30. Qe7 Qb5+ 31. Kg2 Qd7 32. Qf6+ Kg8 33. Rb1 Ra7 34. Rb4 Qe7 35. Qf4 Kg7 36. h4 f6 37. Nd4 Rc8 38. Rb6 f5 39. Rxe6 Qc5 40. Rf6 Kg8 41. Ne6 Qc4 42. Qh6 Qe4+ 43. Kh2 Qxe5 44. Rf8+ 1-0

[Event "CZE-ch Youth B14 2022"]
[Site "Luhacovice"]
[Date "2022.03.14"]
[Round "3.6"]
[White "Dusanek, Michal"]
[Black "Siles, Jan"]
[Result "1/2-1/2"]
[ECO "B38"]
[WhiteElo "1682"]
[BlackElo "1548"]
[Annotator "NA"]
[PlyCount "73"]
[EventDate "2022.03.12"]
[EventType "swiss"]
[EventCountry "CZE"]
[SourceTitle "playchess.com"]
[Source "ChessBase"]
[SourceQuality "1"]
[TimeControl "40/5400+30:1800+30"]

1. e4 c5 2. Nf3 Nc6 3. d4 cxd4 4. Nxd4 g6 5. c4 Bg7 6. Be3 Nf6 7. Nc3 O-O 8. Be2 d6 9. f3 Bd7 10. Qd2 Rc8 11. O-O Nxd4 12. Bxd4 Be6 13. Nd5 Bxd5 14. cxd5 Nd7 15. Be3 Nc5 16. Rac1 Qd7 17. Rc2 Na4 18. Rfc1 Rxc2 19. Rxc2 Rc8 20. b3 Nb6 21. Kf2 f5 22. Rxc8+ Qxc8 23. Qc1 Qxc1 24. Bxc1 Bd4+ 25. Kg3 Kg7 26. h4 Nd7 27. h5 Nf6 28. hxg6 hxg6 29. Bd3 Nh5+ 30. Kh3 f4 31. Kg4 Be5 32. Bd2 Nf6+ 33. Kg5 Nh5 34. Kg4 Kh6 35. Bb5 g5 36. Kf5 Ng7+ 37. Kg4 1/2-1/2

[Event "CZE-ch Youth B14 2022"]
[Site "Luhacovice"]
[Date "2022.03.14"]
[Round "3.7"]
[White "Tesar, Jakub"]
[Black "Zrubek, Dan"]
[Result "0-1"]
[ECO "B76"]
[WhiteElo "1660"]
[BlackElo "1478"]
[Annotator "NA"]
[PlyCount "58"]
[EventDate "2022.03.12"]
[EventType "swiss"]
[EventCountry "CZE"]
[SourceTitle "playchess.com"]
[Source "ChessBase"]
[SourceQuality "1"]
[TimeControl "40/5400+30:1800+30"]

1. e4 c5 2. Nf3 d6 3. d4 cxd4 4. Nxd4 Nf6 5. Nc3 g6 6. Be3 Bg7 7. f3 O-O 8. Qd2 Nc6 9. g4 e6 10. h4 d5 11. Nxc6 bxc6 12. e5 Nd7 13. f4 c5 14. Nb5 Ba6 15. h5 Bxb5 16. Bxb5 d4 17. Bg1 g5 18. h6 Bh8 19. Rh5 f6 20. Bxd7 Qxd7 21. fxg5 f5 22. gxf5 Rxf5 23. O-O-O Qf7 24. Rh4 Bxe5 25. Qg2 Rb8 26. Bh2 Rf2 27. Qg1 Bxh2 28. Rxh2 Qf4+ 29. Rd2 Qxd2+ 0-1

[Event "CZE-ch Youth B14 2022"]
[Site "Luhacovice"]
[Date "2022.03.14"]
[Round "3.8"]
[White "Juracak, David"]
[Black "Soucek, Jan"]
[Result "1/2-1/2"]
[ECO "E16"]
[WhiteElo "1717"]
[BlackElo "1849"]
[Annotator "NA"]
[PlyCount "137"]
[EventDate "2022.03.12"]
[EventType "swiss"]
[EventCountry "CZE"]
[SourceTitle "playchess.com"]
[Source "ChessBase"]
[SourceQuality "1"]
[TimeControl "40/5400+30:1800+30"]

1. d4 Nf6 2. c4 e6 3. Nf3 Bb4+ 4. Bd2 Qe7 5. a3 Bxd2+ 6. Nbxd2 d6 7. e3 O-O 8. Bd3 Nbd7 9. O-O b6 10. Rc1 Bb7 11. Qe2 e5 12. Bb1 exd4 13. Nxd4 g6 14. Rfd1 Rae8 15. Nf1 Nh5 16. Ng3 Qg5 17. Qf1 Nxg3 18. hxg3 Nf6 19. Nf3 Qh5 20. Nh2 $1 Qe5 21. Rd2 a5 22. Rcd1 Nd7 23. Bc2 f5 24. Ba4 Re7 25. Bxd7 Rxd7 26. Qd3 Rfd8 27. Nf3 Qe4 28. Qxe4 Bxe4 29. Nd4 Kf7 30. f3 Bb7 31. Nb3 Ke7 32. Kf2 a4 33. Nd4 d5 34. cxd5 Rxd5 35. Ke1 c5 36. Nb5 Rxd2 37. Rxd2 Rxd2 38. Kxd2 Bc6 39. Nc3 b5 40. Ne2 b4 41. axb4 cxb4 42. Nd4 Kd6 43. Kd3 Bd5 44. e4 fxe4+ 45. fxe4 Bg8 46. g4 Kc5 47. Nc2 Bb3 48. Ne1 Be6 ({And not} 48... a3 49. bxa3 bxa3 50. Kc3 $19) 49. g5 Bc4+ 50. Ke3 a3 51. bxa3 bxa3 52. Nc2 a2 53. Kd2 Bb3 54. Na1 Kd4 $2 55. Nxb3+ Kxe4 56. Kc2 Kf4 57. Kb2 Kxg5 58. Nd2 Kf4 (58... Kg4 $5 59. Nf1 (59. Kxa2 $2 Kg3 $19 60. Kb3 Kxg2 $19) 59... h5 $11) 59. Nf1 $11 Ke4 60. Kxa2 Kd3 61. Kb2 Ke2 62. Nh2 h5 63. Nf3 Kf2 64. Kc2 g5 65. Nxg5 Kxg2 66. Kd2 Kg3 67. Ke2 h4 68. Kf1 h3 69. Nxh3 1/2-1/2

[Event "CZE-ch Youth B14 2022"]
[Site "Luhacovice"]
[Date "2022.03.14"]
[Round "3.9"]
[White "Sigut, Ondrej"]
[Black "Veverka, Vladimir"]
[Result "1-0"]
[ECO "C02"]
[WhiteElo "1536"]
[BlackElo "1723"]
[Annotator "NA"]
[PlyCount "113"]
[EventDate "2022.03.12"]
[EventType "swiss"]
[EventCountry "CZE"]
[SourceTitle "playchess.com"]
[Source "ChessBase"]
[SourceQuality "1"]
[TimeControl "40/5400+30:1800+30"]

1. e4 e6 2. d4 d5 3. e5 c5 4. c3 Qb6 5. Nf3 Bd7 6. a3 a5 7. Bd3 Bb5 8. O-O Bxd3 9. Qxd3 Nc6 10. Rd1 cxd4 11. cxd4 Nge7 12. Nc3 Nf5 13. Nxd5 Qd8 14. Ne3 Nfe7 15. d5 Nxd5 16. Nxd5 exd5 17. Qxd5 Qc7 18. Be3 Be7 19. Rac1 O-O 20. Qd7 Qb8 21. Qf5 Rd8 22. Bg5 Rxd1+ 23. Rxd1 Qe8 24. h3 h6 25. Bxe7 Qxe7 26. Rd7 Qe8 27. Rxb7 Rb8 28. Rxb8 Qxb8 29. e6 f6 30. Qd5 Qe8 31. Nd4 Nxd4 32. Qxd4 Qxe6 33. Qd8+ Kh7 34. Qxa5 Qb3 35. Qc3 Qd1+ 36. Kh2 Qd6+ 37. g3 Qb6 38. Qc2+ Kh8 39. b4 Qb5 40. Qc5 Qa4 41. b5 Qa5 42. Qb4 Qb6 43. Qb2 h5 44. h4 Kg8 45. a4 g5 46. hxg5 fxg5 47. a5 Qb7 48. Qe5 h4 49. Qxg5+ Kf8 50. Qh6+ Kg8 51. Qg5+ Kf8 52. gxh4 Qc7+ 53. Kg2 Qxa5 54. h5 Qa8+ 55. f3 Qa2+ 56. Kg3 Qb1 57. Qf6+ 1-0

[Event "CZE-ch Youth B14 2022"]
[Site "Luhacovice"]
[Date "2022.03.14"]
[Round "3.10"]
[White "Mrazek, Adam"]
[Black "Svoboda, Daniel"]
[Result "0-1"]
[ECO "A46"]
[WhiteElo "1582"]
[BlackElo "1619"]
[Annotator "NA"]
[PlyCount "66"]
[EventDate "2022.03.12"]
[EventType "swiss"]
[EventCountry "CZE"]
[SourceTitle "playchess.com"]
[Source "ChessBase"]
[SourceQuality "1"]
[TimeControl "40/5400+30:1800+30"]

1. d4 Nf6 2. Nf3 c5 3. e3 g6 4. c4 Bg7 5. Nc3 O-O 6. Be2 cxd4 7. Nxd4 Nc6 8. O-O a6 9. e4 d6 10. Be3 Bd7 11. Qd2 Ne5 12. Bh6 Rc8 13. Bxg7 Kxg7 14. b3 Qc7 15. Rac1 Bc6 16. f3 Bd7 17. Rfd1 Bc6 18. Kh1 b6 19. Bf1 Rfd8 20. Rc2 Qb7 21. Rdc1 Rc7 22. Nd5 Bxd5 23. cxd5 Rdc8 24. Rxc7 Rxc7 25. Rxc7 Qxc7 26. Bxa6 Qa7 27. Bb5 Qa3 28. Qc2 Qb4 29. Qd1 Qc3 30. a4 h5 31. Kg1 Qe3+ 32. Kf1 Qc3 33. Ke2 h4 0-1

[Event "CZE-ch Youth B14 2022"]
[Site "Luhacovice"]
[Date "2022.03.14"]
[Round "3.11"]
[White "Vysinsky, Otakar"]
[Black "Juhanak, Daniel"]
[Result "1/2-1/2"]
[ECO "B26"]
[WhiteElo "1534"]
[BlackElo "1688"]
[Annotator "NA RC"]
[PlyCount "106"]
[EventDate "2022.03.12"]
[EventType "swiss"]
[EventCountry "CZE"]
[SourceTitle "playchess.com"]
[Source "ChessBase"]
[SourceQuality "1"]
[TimeControl "40/5400+30:1800+30"]

1. e4 c5 2. Nc3 d6 3. g3 Nc6 4. Bg2 g6 5. d3 Bg7 6. Be3 Rb8 7. Qd2 b5 8. f4 b4 9. Nd1 e6 10. Ne2 Nd4 11. c3 Nxe2 12. Qxe2 bxc3 13. bxc3 Qa5 14. Rc1 Ne7 15. O-O O-O 16. Qc2 Ba6 17. Bd2 Rfd8 18. Re1 e5 19. c4 Qa3 20. Bc3 Nc6 21. f5 Nd4 22. Bxd4 cxd4 23. Rb1 Rb4 24. Rxb4 Qxb4 25. Re2 Rb8 26. Qb2 Bc8 27. g4 a5 28. Qxb4 Rxb4 29. Rb2 Bh6 30. Kf1 Bd7 31. Ke1 Bc1 32. Rxb4 axb4 33. Nf2 Ba4 34. Bf3 Bc2 35. Bd1 Bb1 36. Bb3 Be3 37. fxg6 hxg6 38. c5 dxc5 39. Bc4 Bc2 40. Nd1 Bxd1 41. Kxd1 Kg7 42. Ke2 f6 43. Kf3 Bd2 44. h3 Kh6 45. Bb3 Kg5 46. Bc4 f5 47. gxf5 gxf5 48. Be6 fxe4+ 49. Kxe4 Kf6 50. Bc4 Bc3 51. h4 Be1 52. h5 Bd2 53. Bb3 Bc3 1/2-1/2

[Event "CZE-ch Youth B14 2022"]
[Site "Luhacovice"]
[Date "2022.03.14"]
[Round "4.1"]
[White "Brozka, Karel"]
[Black "Prazak, Daniel"]
[Result "1/2-1/2"]
[ECO "D35"]
[WhiteElo "2125"]
[BlackElo "2016"]
[Annotator "ChessBase"]
[PlyCount "95"]
[EventDate "2022.03.12"]
[EventType "swiss"]
[EventCountry "CZE"]
[SourceTitle "playchess.com"]
[Source "ChessBase"]
[SourceQuality "1"]
[TimeControl "40/5400+30:1800+30"]

1. d4 Nf6 2. c4 e6 3. Nc3 d5 4. Bg5 c6 5. cxd5 exd5 6. e3 Nbd7 7. Bd3 Be7 8. Nf3 O-O 9. O-O Re8 10. Qc2 Nf8 11. Rab1 a5 12. a3 Ng6 13. b4 axb4 14. axb4 Bd6 15. Ne2 h6 16. Bxf6 Qxf6 17. Ng3 Bg4 18. Nd2 h5 19. h3 Bc8 20. Rfe1 Bxg3 21. fxg3 Qd6 22. Nf1 Bd7 23. Qc5 Qf6 24. b5 Bf5 25. Bxf5 Qxf5 26. Rb2 Rac8 27. bxc6 bxc6 28. Ree2 Qe6 29. Rb6 Nf8 30. Rb7 Nd7 31. Qb4 Nf6 32. Rf2 Rcd8 33. Rb6 Ne4 34. Rf3 Qd6 35. Qxd6 Rxd6 36. Rb7 f6 37. Rb2 Ra8 38. Nd2 Ra1+ 39. Kh2 Ng5 40. Rf1 Rxf1 41. Nxf1 Re6 42. g4 hxg4 43. hxg4 Ne4 44. Re2 Kf7 45. Ng3 Nxg3 46. Kxg3 Kg6 47. Kf3 Kg5 48. Rc2 1/2-1/2

[Event "CZE-ch Youth B14 2022"]
[Site "Luhacovice"]
[Date "2022.03.14"]
[Round "4.2"]
[White "Hladky, Tadeas"]
[Black "Buchta, Bartolomej"]
[Result "1-0"]
[ECO "B51"]
[WhiteElo "2029"]
[BlackElo "1901"]
[Annotator "ChessBase"]
[PlyCount "61"]
[EventDate "2022.03.12"]
[EventType "swiss"]
[EventCountry "CZE"]
[SourceTitle "playchess.com"]
[Source "ChessBase"]
[SourceQuality "1"]
[TimeControl "40/5400+30:1800+30"]

1. e4 c5 2. Nf3 d6 3. Bb5+ Nd7 4. d4 cxd4 5. Qxd4 a6 6. Bxd7+ Bxd7 7. O-O e5 8. Qd3 h6 9. c4 b5 10. Nbd2 Nf6 11. b3 Be7 12. Ba3 Qb8 13. Rac1 b4 14. Bb2 O-O 15. c5 Bb5 16. Nc4 Rd8 17. cxd6 Bxd6 18. Rfd1 Qa7 19. Qc2 Bxc4 20. Qxc4 Ng4 21. Rf1 Qb7 22. h3 Rac8 23. Qd3 Bc5 24. Qe2 Nf6 25. Rfe1 Bd4 26. Rxc8 Qxc8 27. Nxe5 Nxe4 28. Bxd4 Nc3 29. Bxc3 bxc3 30. Qc4 Qxc4 31. Nxc4 1-0

[Event "CZE-ch Youth B14 2022"]
[Site "Luhacovice"]
[Date "2022.03.14"]
[Round "4.3"]
[White "Fizer, Marek"]
[Black "Babula, Matej"]
[Result "1-0"]
[ECO "B43"]
[WhiteElo "1876"]
[BlackElo "1753"]
[Annotator "NA"]
[PlyCount "35"]
[EventDate "2022.03.12"]
[EventType "swiss"]
[EventCountry "CZE"]
[SourceTitle "playchess.com"]
[Source "ChessBase"]
[SourceQuality "1"]
[TimeControl "40/5400+30:1800+30"]

1. e4 c5 2. Nf3 e6 3. d4 cxd4 4. Nxd4 a6 5. Nc3 Qc7 6. Bd3 Nf6 7. O-O Bc5 8. Nb3 Ba7 9. a4 h5 10. Qf3 h4 11. Bg5 Nh5 12. Rae1 Kf8 13. e5 d5 14. exd6 Qxd6 15. Bg6 Nf6 16. Bxf6 e5 17. Rd1 Qxf6 18. Rd8+ 1-0

[Event "CZE-ch Youth B14 2022"]
[Site "Luhacovice"]
[Date "2022.03.14"]
[Round "4.4"]
[White "Zrubek, Dan"]
[Black "Zelba, Lukas"]
[Result "1/2-1/2"]
[ECO "C00"]
[WhiteElo "1478"]
[BlackElo "1945"]
[Annotator "ChessBase"]
[PlyCount "55"]
[EventDate "2022.03.12"]
[EventType "swiss"]
[EventCountry "CZE"]
[SourceTitle "playchess.com"]
[Source "ChessBase"]
[SourceQuality "1"]
[TimeControl "40/5400+30:1800+30"]

1. e4 e6 2. d4 d5 3. Bd3 Nf6 4. e5 Nfd7 5. Nf3 c5 6. c3 Nc6 7. O-O c4 8. Bc2 b5 9. a3 a5 10. Nbd2 a4 11. Ne1 Qb6 12. Kh1 g6 13. f4 h5 14. Nef3 Ra7 15. Ng5 Nd8 16. Ndf3 Nb8 17. Qe1 Nbc6 18. Qf2 Ne7 19. Nh4 Kd7 20. Bd2 Kc7 21. Be3 Kb8 22. Bd2 Qc6 23. Be3 Bd7 24. Rad1 Be8 25. Bc1 Rb7 26. Be3 Ra7 27. Bc1 Rb7 28. Be3 1/2-1/2

[Event "CZE-ch Youth B14 2022"]
[Site "Luhacovice"]
[Date "2022.03.14"]
[Round "4.5"]
[White "Setina, Vaclav"]
[Black "Kubin, Tomas Daniel"]
[Result "1-0"]
[ECO "B22"]
[WhiteElo "1881"]
[BlackElo "1666"]
[Annotator "NA"]
[PlyCount "93"]
[EventDate "2022.03.12"]
[EventType "swiss"]
[EventCountry "CZE"]
[SourceTitle "playchess.com"]
[Source "ChessBase"]
[SourceQuality "1"]
[TimeControl "40/5400+30:1800+30"]

1. e4 c5 2. c3 d5 3. exd5 Qxd5 4. d4 Nc6 5. Nf3 Bg4 6. Be2 $1 cxd4 7. cxd4 e6 8. Nc3 Qa5 9. Be3 Nf6 10. O-O Be7 11. h3 Bh5 12. a3 O-O 13. Qb3 Qc7 14. Rfd1 Rfd8 15. d5 exd5 16. Nxd5 Nxd5 17. Rxd5 Rxd5 18. Qxd5 Bg6 19. b4 Rd8 20. Qb3 Bf6 21. Rc1 Qb8 22. b5 Ne7 23. b6 a6 24. Bg5 Bxg5 25. Nxg5 Qe5 26. Nf3 Qxe2 27. Re1 Bc2 28. Rxe2 Bxb3 29. Rxe7 Bd5 30. a4 Kf8 31. Rc7 Ke8 32. Ne5 f6 33. Nd3 Rd7 34. Nc5 Re7 35. Rc8+ Kf7 36. a5 Kg6 (36... Re1+ $11 {keeps the balance.} 37. Kh2 Re8 38. Rc7+ Re7) 37. f3 Re1+ 38. Kh2 Ra1 $1 39. Rd8 Bc6 40. Nb3 Ra3 $2 (40... Ra4 $11 {and Black stays safe.}) 41. Nd4 Ba4 42. Rb8 Bc6 43. Nxc6 bxc6 44. Rc8 Rb3 45. Rxc6 Rb5 46. Rc8 $18 h6 47. Ra8 1-0

[Event "CZE-ch Youth B14 2022"]
[Site "Luhacovice"]
[Date "2022.03.14"]
[Round "4.6"]
[White "Soucek, Jan"]
[Black "Sigut, Ondrej"]
[Result "1-0"]
[ECO "D02"]
[WhiteElo "1849"]
[BlackElo "1536"]
[Annotator "NA RC"]
[PlyCount "131"]
[EventDate "2022.03.12"]
[EventType "swiss"]
[EventCountry "CZE"]
[SourceTitle "playchess.com"]
[Source "ChessBase"]
[SourceQuality "1"]
[TimeControl "40/5400+30:1800+30"]

1. d4 d5 2. Nf3 g6 3. e3 Bg7 4. Bd3 Nf6 5. O-O O-O 6. Nbd2 c6 7. b3 Nbd7 8. Bb2 Qc7 9. c4 dxc4 10. Nxc4 Nb6 11. Nce5 Ng4 12. Nc4 Nxc4 13. Bxc4 Bf5 14. h3 Nf6 15. b4 Rad8 16. Qb3 Ne4 17. a4 Nd6 18. Bd3 Bxd3 19. Qxd3 Qb6 20. Ba3 Rfe8 21. Qe2 Qc7 22. Ra2 (22. b5 $14) 22... a6 23. Rb1 Rb8 24. b5 axb5 25. Bxd6 Qxd6 26. axb5 Rec8 27. bxc6 bxc6 28. Rc1 Rb7 29. Rac2 Rbc7 30. Rc5 e6 31. Qa6 f6 32. Nd2 Bf8 33. Ne4 Qd8 34. Rxc6 Rxc6 35. Rxc6 Rxc6 36. Qxc6 Kf7 37. Nc3 Be7 (37... Qe8 $142 38. Qa6 Qd7) 38. Nb5 h5 39. Nc7 Qd6 $2 (39... Bd6 $16) 40. Qxd6 $2 (40. Qe8+ $18 {and White stays clearly on top.} Kg7 41. Nb5 (41. Qc8 Kf7 $16)) 40... Bxd6 41. Nb5 Bb4 42. Kf1 Ke7 43. Ke2 Kd7 44. Kd3 Kc6 45. Nc3 Be7 46. Ke4 Kd6 {[%emt 0:00:00] [#]} 47. Ne2 $1 g5 48. g4 hxg4 49. hxg4 Bd8 50. f4 gxf4 51. exf4 Be7 52. Ng1 Bf8 {[%emt 0:00:00] [#]} 53. f5 $1 Be7 54. fxe6 ({White should play} 54. Nh3 $16) 54... Kxe6 55. Nh3 Bd8 56. Nf4+ Kd6 57. Kf5 $16 Be7 58. Ke4 Bd8 59. Kf5 Be7 60. Kg6 Bd8 61. Kf7 Bb6 62. Ne6 Bxd4 63. Nxd4 Ke5 64. Nf5 Kf4 65. Nh6 Kg5 66. Kg7 1-0

[Event "CZE-ch Youth B14 2022"]
[Site "Luhacovice"]
[Date "2022.03.14"]
[Round "4.7"]
[White "Jasso, Matej"]
[Black "Siles, Jan"]
[Result "1/2-1/2"]
[ECO "B35"]
[WhiteElo "1726"]
[BlackElo "1548"]
[Annotator "NA"]
[PlyCount "107"]
[EventDate "2022.03.12"]
[EventType "swiss"]
[EventCountry "CZE"]
[SourceTitle "playchess.com"]
[Source "ChessBase"]
[SourceQuality "1"]
[TimeControl "40/5400+30:1800+30"]

1. e4 c5 2. Nf3 Nc6 3. d4 cxd4 4. Nxd4 g6 5. Be3 Bg7 6. Nc3 Nf6 7. Bc4 O-O 8. Bb3 d6 9. f3 Bd7 10. Qd2 Rc8 11. O-O-O Ne5 12. h4 Nc4 13. Bxc4 Rxc4 14. h5 Qc7 15. Nb3 Be6 16. g4 Rc8 17. Bd4 b5 18. Rh2 a6 19. Rdh1 b4 20. Nd1 a5 21. Bxf6 Bxf6 22. hxg6 fxg6 23. Kb1 a4 24. Nc1 b3 25. c3 bxa2+ 26. Nxa2 a3 27. Rxh7 Bg7 28. Qg5 Bf7 29. Qh4 Be8 30. Ne3 Qb7 31. b4 Rxc3 32. Rxg7+ Kxg7 33. Qh8+ Kf7 34. Rh7+ Ke6 35. Qg8+ Kd7 36. Rxe7+ Kxe7 37. Qg7+ Bf7 38. Nd5+ Qxd5 39. exd5 Rb3+ 40. Ka1 Re3 41. g5 Rxf3 42. Qd4 Rf1+ 43. Nc1 Rcxc1+ 44. Ka2 Rc2+ 45. Kxa3 Rf3+ 46. Ka4 Ra2+ 47. Kb5 Be8+ 48. Kb6 Raa3 49. Qe4+ Kd8 50. Qe6 Rf7 51. Qxd6+ Rd7 52. Qf6+ Kc8 53. Qf8 Kd8 54. Qf6+ 1/2-1/2

[Event "CZE-ch Youth B14 2022"]
[Site "Luhacovice"]
[Date "2022.03.14"]
[Round "4.8"]
[White "Svoboda, Daniel"]
[Black "Dusanek, Michal"]
[Result "1-0"]
[ECO "B83"]
[WhiteElo "1619"]
[BlackElo "1682"]
[Annotator "NA"]
[PlyCount "57"]
[EventDate "2022.03.12"]
[EventType "swiss"]
[EventCountry "CZE"]
[SourceTitle "playchess.com"]
[Source "ChessBase"]
[SourceQuality "1"]
[TimeControl "40/5400+30:1800+30"]

1. e4 c5 2. Nf3 d6 3. d4 cxd4 4. Nxd4 Nf6 5. Nc3 e6 6. Be2 Be7 7. O-O a6 8. a4 b6 9. f4 Bb7 10. Bf3 O-O 11. e5 Bxf3 12. Qxf3 dxe5 13. Qxa8 exd4 14. Ne2 Bc5 15. Kh1 Nd5 16. Rd1 Qh4 17. Ng3 Nxf4 18. Qf3 Nd5 19. Ne4 Qe7 20. c3 Nc6 21. b4 f5 22. Nxc5 bxc5 23. Re1 Re8 24. b5 Na5 25. cxd4 cxd4 26. bxa6 Nc3 27. Bd2 Rb8 28. Bxc3 Rb3 29. Qa8+ 1-0

[Event "CZE-ch Youth B14 2022"]
[Site "Luhacovice"]
[Date "2022.03.14"]
[Round "4.9"]
[White "Davidek, Zdenek"]
[Black "Juracak, David"]
[Result "1/2-1/2"]
[ECO "C42"]
[WhiteElo "1570"]
[BlackElo "1717"]
[Annotator "NA"]
[PlyCount "82"]
[EventDate "2022.03.12"]
[EventType "swiss"]
[EventCountry "CZE"]
[SourceTitle "playchess.com"]
[Source "ChessBase"]
[SourceQuality "1"]
[TimeControl "40/5400+30:1800+30"]

1. e4 e5 2. Nf3 Nf6 3. Nxe5 d6 4. Nf3 Nxe4 5. Nc3 Nxc3 6. dxc3 Be7 7. Be3 a6 8. Qd2 Nc6 9. O-O-O Be6 10. Kb1 Qd7 11. h3 O-O-O 12. Ng5 Bxg5 13. Bxg5 f6 14. Be3 Rhe8 15. b3 Re7 16. g4 Rde8 17. Bg2 Bf7 18. Rhe1 Bg6 19. Bf4 Be4 20. f3 Bg6 21. Bg3 h5 22. Rxe7 Rxe7 23. Re1 Rxe1+ 24. Qxe1 hxg4 25. fxg4 f5 26. Qf1 fxg4 27. hxg4 Qf7 28. Qh1 Qe8 29. Qf1 Qf7 30. Qxf7 Bxf7 31. Be4 Kd7 32. Kc1 g5 33. Kd2 Be6 34. Bf2 b6 35. Be3 Bxg4 36. Bxg5 Ne5 37. Ke3 Be6 38. c4 Ng4+ 39. Ke2 Ne5 40. c3 Nf7 41. Be3 Ne5 1/2-1/2

[Event "CZE-ch Youth B14 2022"]
[Site "Luhacovice"]
[Date "2022.03.14"]
[Round "4.10"]
[White "Vysinsky, Otakar"]
[Black "Tesar, Jakub"]
[Result "1-0"]
[ECO "B25"]
[WhiteElo "1534"]
[BlackElo "1660"]
[Annotator "NA"]
[PlyCount "85"]
[EventDate "2022.03.12"]
[EventType "swiss"]
[EventCountry "CZE"]
[SourceTitle "playchess.com"]
[Source "ChessBase"]
[SourceQuality "1"]
[TimeControl "40/5400+30:1800+30"]

1. e4 c5 2. Nc3 d6 3. g3 g6 4. Bg2 Bg7 5. d3 Nc6 6. f4 e6 7. Nf3 Nge7 8. O-O O-O 9. Be3 Rb8 10. Rb1 b6 11. d4 cxd4 12. Nxd4 Bb7 13. Nxc6 Bxc6 14. Ne2 d5 15. e5 Bb5 16. Re1 Qc7 17. Nd4 Ba6 18. a4 Rfc8 19. c3 Bf8 20. Nb5 Bxb5 21. axb5 Nf5 22. Bf2 Bc5 23. Qd2 Bxf2+ 24. Qxf2 Qc5 25. Ra1 Rb7 26. Bf1 Rbc7 27. Ra4 Rd8 28. g4 Ne7 29. Rea1 Nc8 30. Bd3 Qxf2+ 31. Kxf2 Kg7 32. Ke3 Rh8 33. f5 Re8 34. f6+ Kg8 35. h4 h5 36. gxh5 Kh8 37. hxg6 fxg6 38. Bxg6 Rg8 39. h5 Rc5 40. Rb4 Rc7 41. Kf4 Rd7 42. Kg5 Rf7 43. h6 1-0